 Dungeon Crawl Stone Soup version 0.19-a0-1821-g42c593c (webtiles) character file.

78 TheGoonsmith the Magician (level 4, -2/27 HPs)
             Began as an Octopode Wizard on Oct 6, 2016.
             Slain by a gnoll
             ... wielding a +0 spear
              (8 damage)
             ... on level 2 of the Dungeon.
             The game lasted 00:03:16 (1716 turns).

TheGoonsmith the Magician (Octopode Wizard)         Turns: 1716, Time: 00:03:17

Health: -2/27      AC:  1    Str:  6    XL:     4   Next: 36%
Magic:  3/9        EV:  7    Int: 21    God:
Gold:   151        SH:  0    Dex: 10    Spells: 1 memorised, 9 levels left

rFire  . . .     SeeInvis .     q - +0 club
rCold  . . .     Gourm    .     (no shield)
rNeg   . . .     Faith    .     a - +0 hat
rPois  .         Spirit   .     (no amulet)
rElec  .         Dismiss  .     (no ring)
rCorr  .         Reflect  .     (no ring)
MR     .....     Harm     .     (no ring)
Stlth  +++.......               (no ring)
                                (no ring)
                                (no ring)
                                (no ring)
                                (no ring)

@: very slightly contaminated, held
A: almost no armour, stealthy swim, amphibious, 8 rings, constrict 8, camouflage
1, gelatinous body 1
a: no special abilities


You were on level 2 of the Dungeon.
You were not hungry.

You visited 1 branch of the dungeon, and saw 2 of its levels.

You collected 151 gold pieces.

Inventory:

Hand Weapons
 q - a +0 club (weapon)
Armour
 a - a +0 hat (worn)
Scrolls
 e - a scroll of blinking {unknown}
 g - a scroll of teleportation {unknown}
 h - a scroll of noise {unknown}
 l - 2 scrolls of identify {unknown}
 m - a scroll of remove curse {unknown}
 n - a scroll of recharging {unknown}
 o - a scroll of fog {unknown}
 r - a scroll of amnesia {unknown}
 s - a scroll of immolation {unknown}
 t - a scroll of enchant armour {unknown}
Potions
 d - a potion of magic {unknown}
 f - 2 potions of curing {unknown}
 j - a potion of flight {unknown}
 k - a potion of might {unknown}
Books
 b - a book of Minor Magic

   Spells                             Type                      Level
   a - Magic Dart                     Conjuration                  1
   b - Blink                          Translocation                2
   c - Call Imp                       Summoning                    2
   d - Repel Missiles                 Charms/Air                   2
   e - Slow                           Hexes                        2
   f - Conjure Flame                  Conjuration/Fire             3
   g - Mephitic Cloud                 Conjuration/Poison/Air       3
Comestibles
 c - 2 bread rations
 i - a meat ration
 p - 2 chunks of flesh


   Skills:
 - Level 2.0 Dodging
 - Level 2.6 Stealth
 + Level 3.8 Spellcasting
 * Level 3.1 Conjurations
   Level 1.0 Summonings
   Level 1.0 Translocations


You had 9 spell levels left.
You knew the following spells:

 Your Spells              Type           Power        Failure   Level  Hunger
a - Magic Dart            Conj           ###.         3%          1    None


Dungeon Overview and Level Annotations

Branches:
Dungeon (2/15)

Altars:
Hepliaklqana
Yredelemnul

Annotations:
D:2 1 runed door


Innate Abilities, Weirdness & Mutations

You cannot wear most types of armour.
You are very stealthy in the water. (Stealth+)
You are amphibious.
You can wear up to eight rings at the same time.
You can use your tentacles to constrict eight enemies at once.
Your skin changes colour to match your surroundings (Stealth+).
Your rubbery body absorbs attacks. (AC +1, EV +1)


Message History

Aiming: Magic Dart
Press: ? - help, Shift-Dir - straight line, f/p - gnoll
Aim: a gnoll, wielding a spear (moderately wounded)
The magic dart hits the gnoll.
The gnoll is heavily wounded.
The gnoll hits you from afar with a spear.
You tear a large gash into the net.
The gnoll hits you from afar with a spear!
You struggle against the net.
The gnoll hits you from afar with a spear!
You rip the net and break free!
The gnoll hits you from afar with a spear.
* * * LOW HITPOINT WARNING * * *
The gnoll throws a throwing net.
The throwing net hits you.
You become entangled in the net!
You see here a throwing net.
You struggle against the net.
You struggle against the net.
The gnoll hits you from afar with a spear!
You die...

.......#.#.##.#
#####.#.##.##.#######
#####......##.......#
......#######.#####.#
####### #.#####.# #########
#....##.# #......[#
#.##.##.# #.......#
#.......# #.......#
####@#### #.......# #.).#
#>......# #g### #.......#
#g# #.......# ##.##
##.#.##.###.#.## ##
#.#.##.##.###.## .#
#.#..>...## ##.#########
.###)#.##)##.###..........#


You could see 2 gnolls.

Vanquished Creatures
  3 adders (D:2)
  A gnoll (D:2)
  A worm (D:2)
  2 dart slugs (D:1)
  A leopard gecko (D:1)
  7 bats
  2 giant cockroaches (D:1)
  3 goblins
  6 hobgoblins
  A ball python (D:1)
  2 frilled lizards (D:2)
  4 kobolds
  4 rats
37 creatures vanquished.

Notes
Turn   | Place    | Note
-------+----------+-------------------------------------------
     0 | D:1      | TheGoonsmith the Octopode Wizard began the quest for the Orb.
     0 | D:1      | Reached XP level 1. HP: 11/11 MP: 4/4
   174 | D:1      | Reached XP level 2. HP: 17/17 MP: 0/6
   751 | D:1      | Reached XP level 3. HP: 21/21 MP: 4/7
  1369 | D:2      | Found a runed door.
  1422 | D:2      | Reached XP level 4. HP: 27/27 MP: 6/9
  1484 | D:2      | Found a hazy altar of Hepliaklqana.
  1495 | D:2      | Found a basalt altar of Yredelemnul.
  1716 | D:2      | Slain by a gnoll

Vault maps used:
D:1:      dpeg_arrival_lava_temple_mockup
D:2:      minitemple, minivault_4, uniq_crazy_yiuf_cottage

Skill      XL: |  1  2  3  4 |
---------------+-------------+-----
Conjurations   | 2 3 |  3.1
Dodging        | |  2.0
Stealth        | |  2.6
Spellcasting   | |  3.8
Summonings     | |  1.0
Translocations | |  1.0

Action                   |  1- 3 |  4- 6 || total
-------------------------+-------+-------++-------
Melee: Unarmed           |    33 |       ||    33
       Constrict         |     8 |       ||     8
       Tentacles         |     4 |       ||     4
 Cast: Magic Dart        |    71 |    16 ||    87
  Eat: Chunk             |     1 |     1 ||     2
Armor: Skin              |     3 |       ||     3
Dodge: Dodged            |    27 |     4 ||    31
